[Event "Liberia Championship 2023"]
[Site "Monrovia"]
[Date "2024.01.24"]
[Round "9.1"]
[White "Thomas, Saah"]
[Black "Joel O. Ebiekuta"]
[Result "1-0"]
[ECO "C34"]
[WhiteElo "1889"]
[BlackElo "1875"]
[Annotator "NA"]
[PlyCount "157"]
[EventDate "2024.01.16"]
[EventType "swiss"]
[EventCountry "LBR"]
[SourceTitle "playchess.com"]
[Source "ChessBase"]
[SourceQuality "1"]
[TimeControl "40/5400+30:1800+30"]

1. e4 d6 2. f4 e5 3. Nf3 exf4 4. Bc4 h6 5. Nc3 c6 6. d4 g5 7. O-O Bg7 8. b3 Ne7 9. Bb2 O-O 10. Qd2 Ng6 11. Bd3 g4 12. Ne2 gxf3 13. gxf3 Qh4 14. Rf2 Bh3 15. Re1 Nd7 16. Nc1 Rae8 17. Kh1 Re6 18. Rg1 Rfe8 19. Bc4 Rf6 20. a4 Ndf8 21. Nd3 Qh5 22. d5 Re5 23. Bxe5 dxe5 24. dxc6 Rxc6 25. Qa5 a6 26. Qd8 Be6 27. Bxe6 fxe6 28. Rg4 Kh7 29. h4 Nh8 30. Rfg2 Nhg6 31. c4 b6 32. Kg1 b5 33. axb5 axb5 34. cxb5 Rc3 35. Rb2 Nxh4 36. Qxh4 Qxh4 37. Rxh4 Rxd3 38. Kf2 Nd7 39. Rh1 Bf8 40. b4 Be7 41. Ra1 Bd8 42. Ra6 Bb6+ 43. Kg2 h5 44. Rc2 Kg6 45. Rc6 Rd2+ 46. Kh3 Bg1 47. Rxe6+ Kf7 48. Kh4 Nf8 49. Rf6+ Kg7 50. Kxh5 Rh2+ 51. Kg4 Bf2 52. Rxf8 Kxf8 53. b6 Bxb6 54. Rxb6 Ke7 55. b5 Rb2 56. Kf5 Rb3 57. Kxe5 Rxf3 58. Rb7+ Kd8 59. b6 Rf1 60. Rf7 f3 61. b7 Rb1 62. Rf8+ Kc7 63. Rf7+ Kb8 64. Rxf3 Kxb7 65. Rd3 Kc7 66. Ke6 Re1 67. e5 Re2 68. Kf6 Re1 69. e6 Re2 70. e7 Rf2+ 71. Ke6 Re2+ 72. Kf7 Rf2+ 73. Ke8 Rf1 74. Rh3 Rf2 75. Rc3+ Kb7 76. Rc4 Rf1 77. Kd7 Rd1+ 78. Ke6 Re1+ 79. Kf6 1-0

[Event "Liberia Championship 2023"]
[Site "Monrovia"]
[Date "2024.01.24"]
[Round "9.2"]
[White "Anthony Waylea, Jr."]
[Black "Barcon, Harmon"]
[Result "1/2-1/2"]
[ECO "A22"]
[WhiteElo "1939"]
[BlackElo "1902"]
[Annotator "NA"]
[PlyCount "76"]
[EventDate "2024.01.16"]
[EventType "swiss"]
[EventCountry "LBR"]
[SourceTitle "playchess.com"]
[Source "ChessBase"]
[SourceQuality "1"]
[TimeControl "40/5400+30:1800+30"]

1. c4 e5 2. Nc3 Nf6 3. d3 Bb4 4. Bd2 O-O 5. g3 c6 6. Nf3 Re8 7. Bg2 d5 8. cxd5 cxd5 9. O-O h6 10. Qb3 Nc6 11. a3 Ba5 12. Rfd1 Rb8 13. Qc2 Bg4 14. Nb5 Bxd2 15. Qxd2 a6 16. Nc3 Qd7 17. Ne1 Nd4 18. Rab1 Be6 19. b4 Rbc8 20. Rdc1 b5 21. e3 Nc6 22. d4 exd4 23. exd4 Bh3 24. Bh1 Bf5 25. Ra1 Be4 26. f3 Bg6 27. Ng2 Qa7 28. Ne2 Ne7 29. Ngf4 Bh7 30. Nd3 Bxd3 31. Qxd3 Rc4 32. Bg2 Nc6 33. Rd1 Qe7 34. Kf2 Qa7 35. Bf1 Ne5 36. Qf5 Nc6 37. Qd3 Ne5 38. Qf5 Nc6 1/2-1/2

[Event "Liberia Championship 2023"]
[Site "Monrovia"]
[Date "2024.01.24"]
[Round "9.3"]
[White "David Leroy Debblay"]
[Black "Foday W. Kondoh"]
[Result "1-0"]
[ECO "C54"]
[WhiteElo "1791"]
[BlackElo "1785"]
[Annotator "NA RC"]
[PlyCount "59"]
[EventDate "2024.01.16"]
[EventType "swiss"]
[EventCountry "LBR"]
[SourceTitle "playchess.com"]
[Source "ChessBase"]
[SourceQuality "1"]
[TimeControl "40/5400+30:1800+30"]

1. e4 e5 2. Nf3 Nc6 3. Bc4 Bc5 4. c3 Nf6 5. d3 a6 6. O-O d6 7. h3 Qe7 8. d4 exd4 9. cxd4 Ba7 10. Nc3 b5 11. Bb3 Na5 12. Bc2 h6 13. Re1 O-O 14. e5 dxe5 15. dxe5 Nh7 16. Qd3 g6 17. Bxh6 Rd8 18. Qe2 Be6 19. Be4 Rab8 20. Rad1 Rxd1 21. Rxd1 Bc4 22. Qd2 b4 23. Nd5 Qd7 24. Nxb4 Qxd2 25. Bxd2 Rd8 26. Rc1 Be2 27. Bc3 Nf8 28. Nd5 Nc4 29. Nxc7 Rb8 30. Ra1 1-0

[Event "Liberia Championship 2023"]
[Site "Monrovia"]
[Date "2024.01.24"]
[Round "9.4"]
[White "Obediah Saah"]
[Black "John Jallah"]
[Result "1-0"]
[ECO "D02"]
[WhiteElo "1756"]
[BlackElo "1761"]
[Annotator "NA RC"]
[PlyCount "97"]
[EventDate "2024.01.16"]
[EventType "swiss"]
[EventCountry "LBR"]
[SourceTitle "playchess.com"]
[Source "ChessBase"]
[SourceQuality "1"]
[TimeControl "40/5400+30:1800+30"]

1. d4 d5 2. Nf3 Nf6 3. c3 b6 4. Bf4 e6 5. e3 Bb7 6. Qa4+ Nbd7 7. Ne5 Bd6 8. Nxd7 Qxd7 9. Qxd7+ Kxd7 10. Bxd6 Kxd6 11. Nd2 c5 12. Nf3 c4 13. Ne5 Rhf8 14. g4 Nd7 15. Nxd7 Kxd7 16. f4 f6 17. h4 Kd6 18. Bg2 e5 19. dxe5+ fxe5 20. f5 Rad8 21. Rf1 Bc8 22. Rd1 Kc5 23. Rf2 Rd6 24. e4 d4 25. cxd4+ exd4 26. e5 Re8 27. e6 Bxe6 28. fxe6 Rdxe6+ 29. Kd2 b5 30. a3 a5 31. Rf5+ Re5 32. Rxe5+ Rxe5 33. Rf1 g6 34. Rf7 d3 35. Bf3 Re6 36. Rc7+ Kd4 37. Rd7+ Ke5 38. Rxh7 Rf6 39. Ke3 Kd6 40. Ra7 Kc5 41. Rc7+ Kb6 42. Rc6+ Rxc6 43. Bxc6 Kxc6 44. h5 gxh5 45. gxh5 Kc5 46. h6 b4 47. h7 c3 48. axb4+ axb4 49. bxc3 1-0

[Event "Liberia Championship 2023"]
[Site "Monrovia"]
[Date "2024.01.24"]
[Round "9.5"]
[White "Kennedy Zinnah Kengo"]
[Black "Arnold Smith"]
[Result "1/2-1/2"]
[ECO "D35"]
[WhiteElo "1789"]
[BlackElo "1844"]
[Annotator "NA"]
[PlyCount "117"]
[EventDate "2024.01.16"]
[EventType "swiss"]
[EventCountry "LBR"]
[SourceTitle "playchess.com"]
[Source "ChessBase"]
[SourceQuality "1"]
[TimeControl "40/5400+30:1800+30"]

1. d4 Nf6 2. c4 e6 3. Nc3 d5 4. Bg5 Be7 5. Nf3 Nbd7 6. cxd5 exd5 7. e3 O-O 8. Bd3 h6 9. Bh4 c6 10. O-O Re8 11. Rc1 Nf8 {[%emt 0:01:44] D35: Queen's Gambit Declined: Exchange Variation.} 12. Ne5 N6d7 13. Bg3 Nxe5 14. Bxe5 Bd6 15. Bxd6 Qxd6 16. a3 Be6 17. Na4 Rad8 18. Bb1 Bc8 19. b4 Qf6 20. Qh5 Ne6 21. Nc5 Nxc5 22. Rxc5 Bd7 23. h3 a6 24. g4 Qf3 25. Qh4 f5 26. gxf5 Bxf5 27. Bxf5 Qxf5 28. Rc3 Rd6 29. Kh2 Rg6 30. f4 Ree6 31. a4 Re8 32. Qf2 Qf8 33. Rb1 Rge6 34. b5 axb5 35. axb5 Qe7 36. bxc6 bxc6 37. Rbb3 Ra8 38. Qg2 Qf7 39. Rb6 Rae8 40. Rbb3 Rg6 41. Qc2 Rge6 42. Rxc6 Rxe3 43. Rxe3 Rxe3 44. Rc8+ Re8 45. Rxe8+ Qxe8 46. Qd3 Qe1 47. Kg2 Qe6 48. Kf2 Kf7 49. Qf3 Kf6 50. Kg3 Qf5 51. Qc3 Qe4 52. Qc6+ Kf5 53. Qd7+ Qe6 54. Qxg7 Qe3+ 55. Kg2 Qe2+ 56. Kg1 $11 Qe3+ 57. Kg2 Qe2+ 58. Kg1 Qe3+ 59. Kg2 1/2-1/2

[Event "Liberia Championship 2023"]
[Site "Monrovia"]
[Date "2024.01.24"]
[Round "9.7"]
[White "Bobby Ballah"]
[Black "Harold Evans"]
[Result "1-0"]
[ECO "B01"]
[WhiteElo "1913"]
[BlackElo "1735"]
[Annotator "NA RC"]
[PlyCount "75"]
[EventDate "2024.01.16"]
[EventType "swiss"]
[EventCountry "LBR"]
[SourceTitle "playchess.com"]
[Source "ChessBase"]
[SourceQuality "1"]
[TimeControl "40/5400+30:1800+30"]

1. e4 d5 2. exd5 Qxd5 3. Nf3 Bg4 4. Be2 Nc6 5. O-O O-O-O 6. Nc3 Qh5 7. d3 f5 8. Re1 Nf6 9. h3 Bxf3 10. Bxf3 Qe8 11. Be3 Kb8 12. Nb5 a6 13. a4 e5 14. Qb1 h6 15. c3 g5 16. b4 g4 17. hxg4 Nxg4 18. Bxg4 fxg4 19. Na3 Kc8 20. Nc4 h5 21. b5 Nb8 22. Ba7 g3 23. f3 Qg6 24. Nxe5 Qf6 25. Bxb8 Qh4 26. Ba7 Qh2+ 27. Kf1 b6 28. d4 Qh1+ 29. Ke2 Qxg2+ 30. Kd1 Bh6 31. Qf5+ Kb7 32. Qe4+ Kxa7 33. Nc6+ Kb7 34. Nxd8+ Kc8 35. Qe6+ Kb8 36. Nc6+ Kb7 37. bxa6+ Ka8 38. Qe8+ 1-0

[Event "Liberia Championship 2023"]
[Site "Monrovia"]
[Date "2024.01.24"]
[Round "9.8"]
[White "Miller Moore"]
[Black "Daniel Kolliemelen"]
[Result "1/2-1/2"]
[ECO "C01"]
[WhiteElo "1677"]
[BlackElo "1809"]
[Annotator "NA RC"]
[PlyCount "158"]
[EventDate "2024.01.16"]
[EventType "swiss"]
[EventCountry "LBR"]
[SourceTitle "playchess.com"]
[Source "ChessBase"]
[SourceQuality "1"]
[TimeControl "40/5400+30:1800+30"]

1. e4 e6 2. Nc3 c6 3. Nf3 d5 4. exd5 exd5 5. d4 Bd6 6. Be3 Ne7 7. Bd3 Bf5 8. Be2 h6 9. a3 b5 10. Na2 Nd7 11. O-O O-O 12. Kh1 Nb6 13. Nd2 Qc7 14. g3 Rfe8 15. Nc1 Bh3 16. Rg1 Nf5 17. Bd3 Nxe3 18. fxe3 Bd7 19. Qf3 Nc4 20. Nxc4 bxc4 21. Bf1 Be7 22. Bg2 Bg5 23. Re1 f5 24. c3 Be7 25. Ne2 g6 26. Nf4 Kg7 27. h4 Rab8 28. Re2 h5 29. Rf1 Rf8 30. Qf2 Rbe8 31. Bf3 Bd6 32. Ree1 Re7 33. Bd1 Be8 34. Kg2 Bf7 35. Bc2 Qd7 36. Re2 Rb8 37. Bb1 Qe8 38. Nxh5+ gxh5 39. Qxf5 Re4 40. Qf6+ Kg8 41. Rf5 Qe6 42. Rg5+ Kf8 43. Qg7+ Ke8 44. Rf2 Rb7 45. Qh8+ Bf8 46. Bxe4 Qxe4+ 47. Kh2 Re7 48. Rgf5 Qxe3 49. Qf6 Qh6 50. Qg5 Qxg5 51. hxg5 Bg7 52. Kg2 Bg6 53. R5f4 Re6 54. Kh3 Ke7 55. Kh4 a5 56. a4 Re4 57. Kh3 Re6 58. Kh4 Re4 59. Kh3 Re6 60. Kg2 Kd6 61. Kh3 Ke7 62. Kh4 Re4 63. Kh3 $1 {[%emt 0:00:00] [#]} Re1 ({Black should try} 63... Kd6 $1 $19 64. Rxe4 dxe4) 64. Rh2 Kd6 $2 65. Rhf2 Ke7 $2 ({Black should play} 65... c5 $19 66. Rf6+ Bxf6 67. Rxf6+ Re6 68. Rxe6+ Kxe6 69. dxc5 Kd7 (69... Ke5 $2 70. Kg2 $19)) 66. Rh2 $1 Re3 (66... c5 $19 67. dxc5 Be5) 67. Rhf2 Re6 68. Kh4 Re4 69. Kh3 Re6 70. Kh2 Re1 71. Kh3 Re3 72. Kh4 Re1 $2 ({Better is} 72... Kd6 $19 73. g4 hxg4 74. Kxg4 Re6) 73. Kh3 $1 Re3 74. Kh4 Re4 75. Kh3 Re1 76. Rh2 Kd6 77. Rhf2 Ke7 $11 78. Rh2 Re3 79. Rhf2 Re6 1/2-1/2

[Event "Liberia Championship 2023"]
[Site "Monrovia"]
[Date "2024.01.24"]
[Round "9.9"]
[White "Jacob, Jallah"]
[Black "Prince Jegbadai"]
[Result "1-0"]
[ECO "A20"]
[WhiteElo "1781"]
[BlackElo "1627"]
[Annotator "NA RC"]
[PlyCount "69"]
[EventDate "2024.01.16"]
[EventType "swiss"]
[EventCountry "LBR"]
[SourceTitle "playchess.com"]
[Source "ChessBase"]
[SourceQuality "1"]
[TimeControl "40/5400+30:1800+30"]

1. c4 e5 2. g3 Bc5 3. Bg2 d6 4. Nc3 a6 5. a3 Nf6 6. Nf3 Nc6 7. O-O O-O 8. h3 Bd7 9. e3 h6 10. d4 exd4 11. exd4 Ba7 12. Re1 Ne7 13. Nh2 Ng6 14. Bxb7 Rb8 15. Bg2 Qc8 16. h4 Ng4 17. h5 Nh8 18. Nd5 Re8 19. Rxe8+ Qxe8 20. Nxg4 c6 21. Ndf6+ gxf6 22. Nxf6+ Kf8 23. Bxh6+ Ke7 24. Nxe8 Rxe8 25. Qa4 Rc8 26. Re1+ Kd8 27. d5 cxd5 28. Qa5+ Rc7 29. Bxd5 Be6 30. Bxe6 fxe6 31. Rxe6 Kd7 32. Qd5 Nf7 33. b4 Rc6 34. Bf8 Bb8 35. Re7+ 1-0

[Event "Liberia Championship 2023"]
[Site "Monrovia"]
[Date "2024.01.25"]
[Round "10.1"]
[White "Thomas, Saah"]
[Black "Anthony Waylea, Jr."]
[Result "1-0"]
[ECO "C56"]
[WhiteElo "1889"]
[BlackElo "1939"]
[Annotator "RC"]
[PlyCount "113"]
[EventDate "2024.01.16"]
[EventType "swiss"]
[EventCountry "LBR"]
[SourceTitle "playchess.com"]
[Source "ChessBase"]
[SourceQuality "1"]
[TimeControl "40/5400+30:1800+30"]

1. e4 Nc6 2. Bc4 e5 3. Nf3 Nf6 4. d4 exd4 5. O-O Bc5 6. e5 d5 7. Bb5 Ne4 8. Nxd4 Bd7 9. e6 fxe6 10. Nb3 Bb6 11. Nc3 Nxf2 12. Qe2 O-O 13. Be3 Bxe3 14. Qxe3 Ng4 15. Rxf8+ Qxf8 16. Qg3 Nge5 17. Bxc6 Nxc6 18. Qxc7 Qc8 19. Qd6 Be8 20. Nc5 Bf7 21. Re1 Qd8 22. Qg3 e5 23. Kh1 b6 24. Nd3 e4 25. Nf2 Qe7 26. Ng4 Kh8 27. Rf1 Re8 28. Ne3 d4 29. Nf5 Qf6 30. Nb5 Bg8 31. Nbd6 Re5 32. Rf4 g6 33. Nxe4 Rxe4 34. Rxe4 Qxf5 35. Re1 Qxc2 36. Qf4 Qf5 37. Qd6 Bd5 38. Kg1 d3 39. Qa3 Bf7 40. Qc3+ Kg8 41. Qxc6 d2 42. Rd1 Qe5 43. Qc8+ Be8 44. Qc3 Qxc3 45. bxc3 b5 46. Rxd2 a5 47. Rf2 Bf7 48. a3 Kf8 49. Kf1 a4 50. Ke2 Ke7 51. Kd3 Bc4+ 52. Kd4 Ke6 53. g4 h6 54. h4 Bb3 55. g5 hxg5 56. hxg5 Ke7 57. Rf6 1-0

[Event "Liberia Championship 2023"]
[Site "Monrovia"]
[Date "2024.01.25"]
[Round "10.2"]
[White "Kennedy Zinnah Kengo"]
[Black "David Leroy Debblay"]
[Result "0-1"]
[ECO "C42"]
[WhiteElo "1789"]
[BlackElo "1791"]
[Annotator "NA RC"]
[PlyCount "142"]
[EventDate "2024.01.16"]
[EventType "swiss"]
[EventCountry "LBR"]
[SourceTitle "playchess.com"]
[Source "ChessBase"]
[SourceQuality "1"]
[TimeControl "40/5400+30:1800+30"]

1. e4 e5 2. Nf3 Nf6 3. Nc3 Bb4 4. Bc4 d6 5. O-O O-O 6. Nd5 Nxd5 7. Bxd5 c6 8. Bb3 Bg4 9. h3 Bh5 10. c3 Ba5 11. d4 Nd7 12. Qd3 Bg6 13. Bg5 Qc7 14. Rfd1 d5 15. Nd2 exd4 16. cxd4 Bxd2 17. Rxd2 Bxe4 18. Qe2 Rfe8 19. Qg4 Bg6 20. h4 h6 21. Bf4 Qd8 22. Qg3 Nf6 23. Qh3 Qd7 24. Qxd7 Nxd7 25. Bd1 Re1+ 26. Kh2 Rae8 27. f3 Nb6 28. b3 Nc8 29. g4 h5 30. Bg3 R1e3 31. Bf2 R3e7 32. Bg3 hxg4 33. fxg4 Re3 34. Rc1 R3e6 35. g5 Ne7 36. Bg4 Bf5 37. Bf3 Re3 38. Rf2 Rd3 39. Re1 Be6 40. Bh5 g6 41. Be2 Rxd4 42. h5 gxh5 43. Bxh5 Re4 44. Ref1 Ng6 45. Rf6 Kg7 46. Bf3 Re3 47. Bf2 Rd3 48. Bd1 Rh8+ 49. Kg1 Ne5 50. Re1 Nd7 51. Rf4 c5 52. g6 d4 53. gxf7 Bxf7 54. Bf3 Re8 55. Rxe8 Bxe8 56. Bg2 Rd1+ 57. Kh2 Rd2 58. Bh3 Rxa2 59. Bxd7 Bxd7 60. Kg3 Ra3 61. Rf3 Bc6 62. Rd3 Bb5 63. Rf3 Be2 64. Rf5 Rxb3+ 65. Kh4 b6 66. Re5 Bc4 67. Re7+ Kf6 68. Rxa7 Be6 69. Bg3 d3 70. Ra8 Rb4+ 71. Kh5 d2 0-1

[Event "Liberia Championship 2023"]
[Site "Monrovia"]
[Date "2024.01.25"]
[Round "10.3"]
[White "Barcon, Harmon"]
[Black "Bobby Ballah"]
[Result "1-0"]
[ECO "B38"]
[WhiteElo "1902"]
[BlackElo "1913"]
[Annotator "TA"]
[PlyCount "55"]
[EventDate "2024.01.16"]
[EventType "swiss"]
[EventCountry "LBR"]
[SourceTitle "playchess.com"]
[Source "ChessBase"]
[SourceQuality "1"]
[TimeControl "40/5400+30:1800+30"]

1. e4 c5 2. Nf3 Nc6 3. d4 cxd4 4. Nxd4 g6 5. c4 Bg7 6. Be3 Nf6 7. Nc3 O-O 8. Be2 d6 9. O-O Bd7 10. h3 Rc8 11. Qd2 a6 12. Rad1 Ne5 13. b3 Bc6 (13... Nc6 $14) 14. f4 $16 Ned7 {[%emt 0:00:54] Weiß steht deutlich besser.} 15. Bd3 {[%emt 0:00:59] Weiß steht aktiver.} (15. Nxc6 $16 bxc6 16. g4) 15... Nc5 (15... Qc7 $14) 16. Nxc6 Rxc6 17. Bb1 Qc8 {[%emt 0:05:41] [#] Das Aus für Schwarz.} (17... Qb8 $16) 18. e5 $1 $18 dxe5 19. fxe5 Nh5 20. Nd5 Qe6 (20... Re6 $142 21. Qb4 Nd7 22. Nxe7+ Rxe7) 21. Qf2 Nd7 22. g4 Nxe5 23. gxh5 Qxh3 24. Qg2 {[%emt 0:01:33] Wehrt Ng4 ab} Qe6 {[%emt 0:03:13] [#]} (24... Qxg2+ 25. Kxg2 Re6) 25. h6 {[%emt 0:03:14] Weiß steht klar auf Gewinn.} Bf6 26. Bf5 Qd6 27. Nxf6+ Qxf6 28. Bg5 {[%emt 0:00:43] Gewichteter Fehlerwert: Weiß=0.23 (präzise) /Schwarz=1.07.  Fehler:       	Weiß=1     	Schwarz=5     Ungenau:       	Weiß=1     	Schwarz=1     OK:         	Weiß=5     	Schwarz=4     Bester:       	Weiß=2     	---        Stark:        	Weiß=1     	---} 1-0

[Event "Liberia Championship 2023"]
[Site "Monrovia"]
[Date "2024.01.25"]
[Round "10.5"]
[White "Arnold Smith"]
[Black "Foday W. Kondoh"]
[Result "1-0"]
[ECO "B00"]
[WhiteElo "1844"]
[BlackElo "1785"]
[Annotator "NA RC"]
[PlyCount "81"]
[EventDate "2024.01.16"]
[EventType "swiss"]
[EventCountry "LBR"]
[SourceTitle "playchess.com"]
[Source "ChessBase"]
[SourceQuality "1"]
[TimeControl "40/5400+30:1800+30"]

1. e4 Nc6 2. d4 d5 3. Nc3 dxe4 4. d5 Ne5 5. Nxe4 e6 6. Bb5+ {[%emt 0:02:24] B00: Damenfianchetto, Nimzowitsch-Verteidigung.} c6 7. dxc6 Qxd1+ 8. Kxd1 bxc6 9. Ba4 Bb7 10. Be3 Nc4 11. Bc1 Nb6 12. Bb3 c5 13. f3 Rd8+ 14. Ke1 c4 15. Be3 cxb3 16. axb3 Bxe4 17. fxe4 Rd7 18. Nf3 f6 19. Ra6 e5 20. Bxb6 axb6 21. Rxb6 Be7 22. Ke2 Bd8 23. Ra6 Ne7 24. b4 Kf7 25. c4 (25. c3 $142) 25... Re8 ({Black should play} 25... Ng6 $19 26. g3 Be7) 26. b5 ({Better is} 26. Rha1) 26... Nc8 27. b4 Nd6 28. Nd2 {[%emt 0:00:00] [#]} Re6 ({Better is} 28... Be7 $1 $17 29. Rha1 (29. b6 Red8 $17) 29... Red8) 29. Rha1 Nc8 (29... Rb7 $11) 30. Rxe6 Kxe6 31. Ra6+ Rd6 32. c5 Rxa6 33. bxa6 Na7 34. Kd3 Kd7 35. Kc4 Kc6 36. Nb1 Bc7 37. Nc3 Bb8 38. b5+ Kd7 39. b6 Nc8 40. Nb5 $18 Kc6 41. a7 1-0

[Event "Liberia Championship 2023"]
[Site "Monrovia"]
[Date "2024.01.25"]
[Round "10.6"]
[White "James, Tondo"]
[Black "Jacob, Jallah"]
[Result "1-0"]
[ECO "A16"]
[WhiteElo "1837"]
[BlackElo "1781"]
[Annotator "NA RC"]
[PlyCount "85"]
[EventDate "2024.01.16"]
[EventType "swiss"]
[EventCountry "LBR"]
[SourceTitle "playchess.com"]
[Source "ChessBase"]
[SourceQuality "1"]
[TimeControl "40/5400+30:1800+30"]

1. c4 Nf6 2. Nc3 g6 3. g3 Bg7 4. Bg2 O-O 5. e4 d6 6. Nge2 c5 7. O-O {[%emt 0:00:30] A16: Englische Eröffnung.} e5 8. d3 h6 9. h3 Nc6 10. Be3 Rb8 11. Qd2 Kh7 12. f4 Nd4 13. fxe5 dxe5 14. Nd5 Nxd5 15. cxd5 Bd7 16. Rf2 b6 17. Raf1 f6 18. Kh2 Qc8 19. b3 Qa6 20. g4 Nxe2 21. Qxe2 Rf7 22. h4 Rbf8 23. Bh3 Qc8 24. Rg1 g5 25. Rgf1 Kg8 26. Kg3 Qd8 27. Rf3 gxh4+ 28. Kh2 Qc8 29. Rg1 (29. Qf2 $142) 29... Kh7 30. Qf2 Kg8 31. Rg2 ({Better is} 31. a4 $18) 31... Kh7 (31... Qa6 $16 {keeps fighting.}) 32. Qxh4 Qa6 $2 (32... Qb8 33. Rfg3 Qc7 34. Bxh6 Bxh6) 33. Bc1 (33. Rfg3 $142 b5 (33... Qxd3 $2 {is the wrong capture.} 34. g5 $18) 34. g5 (34. Bxc5 Kg8 $18) 34... fxg5 35. Rxg5 Bxh3 36. Qxh3) 33... Bb5 $2 (33... b5 34. Be3 c4 35. dxc4 bxc4) 34. Qh5 (34. Rfg3 $142 Bc4 35. g5 (35. bxc4 Qb7 $18) (35. dxc4 Qb7 $18) 35... fxg5 36. Rxg5 b5 37. Be6 (37. bxc4 Kh8 $18) 37... Kh8 38. Rxg7 (38. bxc4 Qxa2 39. Rxa2 Rf2+ 40. Rxf2 Rxf2+ 41. Qxf2 hxg5 42. Bxg5 Kh7 43. Qf5+ Kh8 44. Qh3+ Bh6 45. Qxh6#) 38... Rxg7 39. Rxg7 (39. dxc4 Rxg2+ 40. Kxg2 Qxa2+ 41. Kg1 Rg8+ 42. Bxg8 Kxg8 $18)) 34... Bxd3 (34... Be8 $18 35. Rfg3 b5) 35. g5 fxg5 36. Rxf7 Rxf7 37. Qxf7 Bxe4 38. Bf5+ Bxf5 39. Qxf5+ Kh8 {[%emt 0:00:16] [#]} 40. Bxg5 $1 hxg5 41. Qxg5 Qb7 42. d6 Qf7 {[%emt 0:01:14] [#]} 43. Qxg7+ $16 1-0

[Event "Liberia Championship 2023"]
[Site "Monrovia"]
[Date "2024.01.25"]
[Round "10.7"]
[White "Prince Jegbadai"]
[Black "John Jallah"]
[Result "0-1"]
[ECO "D00"]
[WhiteElo "1627"]
[BlackElo "1761"]
[Annotator "NA RC"]
[PlyCount "60"]
[EventDate "2024.01.16"]
[EventType "swiss"]
[EventCountry "LBR"]
[SourceTitle "playchess.com"]
[Source "ChessBase"]
[SourceQuality "1"]
[TimeControl "40/5400+30:1800+30"]

1. d4 Nf6 2. Nc3 d5 3. Bf4 a6 4. e3 e6 5. a3 c5 6. Nf3 Nc6 7. h3 Be7 8. Be2 O-O 9. b3 cxd4 10. exd4 Ne4 11. Nxe4 dxe4 12. Ne5 Nxd4 13. O-O Bf6 14. Rc1 Nxe2+ 15. Qxe2 Qc7 16. Ng6 e5 17. Nxf8 exf4 18. Nxh7 Kxh7 19. Qxe4+ g6 20. c4 Bf5 21. Qf3 Re8 22. Rfe1 Re7 23. Rxe7 Qxe7 24. Qxf4 Bg5 25. Qd4 Bxc1 26. a4 Qe1+ 27. Kh2 Bh6 28. f3 Be3 29. Qd5 Bg1+ 30. Kh1 Bf2+ 0-1

[Event "Liberia Championship 2023"]
[Site "Monrovia"]
[Date "2024.01.25"]
[Round "10.8"]
[White "Alfred J. Kollie"]
[Black "Martin Dunbar"]
[Result "0-1"]
[ECO "D00"]
[WhiteElo "1612"]
[BlackElo "1709"]
[Annotator "NA RC"]
[PlyCount "108"]
[EventDate "2024.01.16"]
[EventType "swiss"]
[EventCountry "LBR"]
[SourceTitle "playchess.com"]
[Source "ChessBase"]
[SourceQuality "1"]
[TimeControl "40/5400+30:1800+30"]

1. d4 d5 2. Bg5 Nf6 3. f3 Bf5 4. Nd2 h6 5. Bh4 Nc6 6. c3 g5 7. Bf2 e6 8. e3 a6 9. Nb3 Be7 10. Bd3 Bxd3 11. Qxd3 Qd7 12. Ne2 e5 13. O-O-O e4 14. Qc2 a5 15. Ng3 a4 16. Nc5 Bxc5 17. dxc5 Qe7 18. c4 Nb4 19. Qd2 Qxc5 20. Qd4 Qxd4 21. exd4 Nd3+ 22. Rxd3 exd3 23. c5 O-O 24. Kd2 Ra6 25. Kxd3 b6 26. Rc1 Rb8 27. Rc2 bxc5 28. dxc5 c6 29. Bd4 Ne8 30. Be5 Rb5 31. Nh5 Kh7 32. Nf6+ Nxf6 33. Bxf6 Ra8 34. Bd4 Re8 35. Re2 Rxe2 36. Kxe2 f5 37. g3 Kg6 38. h3 Rb4 39. Kd3 h5 40. Kc3 Rc4+ 41. Kd3 Rc1 42. f4 h4 43. gxh4 g4 44. hxg4 fxg4 45. Kd2 Rh1 46. b4 Kf5 47. b5 cxb5 48. c6 Ke6 49. Be5 Rxh4 50. Ke2 Rh2+ 51. Ke3 Rxa2 52. Kd4 Rc2 53. f5+ Kxf5 54. Kxd5 Rxc6 0-1

[Event "Liberia Championship 2023"]
[Site "Monrovia"]
[Date "2024.01.25"]
[Round "10.9"]
[White "Daniel Kolliemelen"]
[Black "Harold Evans"]
[Result "1-0"]
[ECO "D00"]
[WhiteElo "1809"]
[BlackElo "1735"]
[Annotator "NA RC"]
[PlyCount "95"]
[EventDate "2024.01.16"]
[EventType "swiss"]
[EventCountry "LBR"]
[SourceTitle "playchess.com"]
[Source "ChessBase"]
[SourceQuality "1"]
[TimeControl "40/5400+30:1800+30"]

1. d4 d5 2. e3 Nc6 3. f4 Bf5 4. a3 Qd7 5. b4 O-O-O 6. Bb2 {[%emt 0:00:00] D00: Damenbauernspiele.} h6 7. Nf3 f6 8. Bd3 g5 9. O-O gxf4 10. exf4 h5 11. Nh4 Nh6 12. Be2 Ng4 13. Qd2 Nh6 (13... e5 $1 $11) 14. b5 (14. Bxh5 Bg4 15. Bxg4 Nxg4 $18) 14... Nb8 15. Nc3 ({But not} 15. Bxh5 Qxb5 16. Nc3 Qd7 $15 (16... Qxb2 17. Nxf5 Nxf5 18. Bg4 $11)) 15... e6 16. Rae1 Qg7 17. Bf3 Qh7 18. Nxf5 ({Minderwertig wäre} 18. Bxh5 Nd7 $15) 18... Qxf5 $1 $11 {[%emt 0:01:02] and Black has nothing to worry.} 19. Qe3 ({Better is} 19. Qe2 $18) 19... Rd6 (19... Nd7 $16) 20. Qd2 $2 ({Vorzuziehen ist} 20. Qe2 $18) 20... Nf7 $2 21. Be2 Rg8 22. Bd3 Qg4 23. Qe2 Qg7 24. a4 Nd8 25. Ba3 (25. Qxh5 $2 Qxg2#) ({White should play} 25. f5 $18 e5 26. dxe5 (26. Ba3 Rd7 $16) 26... fxe5 27. f6) 25... Rd7 26. Bxf8 Qxf8 27. Nd1 Rdg7 28. Rf2 (28. Qxh5 Rxg2+ 29. Kh1 f5 $15) 28... h4 ({Black should play} 28... Nd7 $1 $14) 29. f5 e5 30. dxe5 Qc5 31. Qe3 ({Weaker is} 31. exf6 Rxg2+ 32. Kh1 Rxf2 33. Qxf2 Qxf2 34. Nxf2 Nd7 $16) 31... d4 32. Qe2 Nd7 33. Bc4 d3 (33... Re8 {was necessary.} 34. e6 Ne5) 34. cxd3 Rxg2+ (34... Nxe5 $142 35. Bxg8 Rxg8) 35. Kh1 R2g7 (35... Rxf2 $142 36. Qxf2 (36. Nxf2 Re8 $18) 36... Qxf2 37. Nxf2 Rg5) 36. Bxg8 Rxg8 37. e6 Ne5 38. Rg1 Re8 39. Qe4 Qa3 40. Nb2 c6 41. d4 Qb4 42. Qf4 Nc4 43. d5 cxd5 44. Nxc4 dxc4 45. Rc1 Nc6 46. Qxc4 (46. bxc6 $142 b6 47. Qxc4 Qxc4 48. Rxc4 a6 49. Rxh4 Kb8 50. Rd2 Re7 51. Rd7) 46... Qa5 47. bxc6 Qb6 48. Rf3 1-0

[Event "Liberia Championship 2023"]
[Site "Monrovia"]
[Date "2024.01.26"]
[Round "11.1"]
[White "Daniel Kolliemelen"]
[Black "Thomas, Saah"]
[Result "1-0"]
[ECO "A85"]
[WhiteElo "1809"]
[BlackElo "1889"]
[Annotator "NA RC"]
[PlyCount "87"]
[EventDate "2024.01.16"]
[EventType "swiss"]
[EventCountry "LBR"]
[SourceTitle "playchess.com"]
[Source "ChessBase"]
[SourceQuality "1"]
[TimeControl "40/5400+30:1800+30"]

1. c4 f5 2. d4 Nf6 3. e3 e6 4. Nc3 b6 5. a3 Bb7 6. Nf3 d6 7. Bd3 Be7 8. O-O Qd7 9. Ne1 e5 10. b4 e4 11. Be2 O-O 12. Qb3 c5 13. d5 Qe8 14. bxc5 dxc5 15. f3 Bd6 16. f4 Nbd7 17. g3 Rd8 18. Bb2 Qg6 19. Ng2 h6 20. Nd1 Ne8 21. Nf2 Be7 22. g4 Nd6 23. Kh1 Nf6 24. Nh4 Qh7 25. gxf5 Nxf5 26. Nxf5 Qxf5 27. Rg1 Bc8 28. Ng4 Nxg4 29. Bxg4 Qxg4 30. Rxg4 Bxg4 31. Qc2 Bf3+ 32. Kg1 Rd6 33. Kf1 Bh4 34. Be5 Rg6 35. Ra2 Rg4 36. Qa4 g5 37. f5 Be2+ 38. Kxe2 Rg2+ 39. Kd1 Rg1+ 40. Kc2 g4 41. Qc6 Bf6 42. Bxf6 g3 43. Qe6+ Rf7 44. Qe8+ 1-0